 Dungeon Crawl Stone Soup version 0.16.1 (console) character file.

819 TalculmPowers the Covered (level 7, 0/62 HPs)
             Began as a Minotaur Fighter on Aug 9, 2015.
             Slain by Prince Ribbit (11 damage)
             ... on level 5 of the Dungeon.
             The game lasted 00:41:53 (3813 turns).

TalculmPowers the Covered (Minotaur Fighter)        Turns: 3813, Time: 00:41:53

Health: 0/62       AC: 11    Str: 23    XL:     7   Next: 63%
Magic:  3/3        EV:  5    Int:  5    God:
Gold:   220        SH: 15    Dex:  9    Spells: 0 memorised, 6 levels left

rFire  . . .     SeeInvis .     a - +1 war axe
rCold  . . .     Clarity  .     n - +0 chain mail
rNeg   . . .     SustAb   .     f - +0 large shield
rPois  .         Gourm    .     (helmet restricted)
rElec  .         Spirit   .     o - +0 cloak
rCorr  .         Warding  .     (no gloves)
rMut   .         Stasis   .     (no boots)
MR     .....                    (no amulet)
Stlth  ..........               (no ring)
                                (no ring)

@: not resistant to hostile enchantments, extremely unstealthy
A: retaliatory headbutt, horns 2
a: no special abilities


You were on level 5 of the Dungeon.
You were not hungry.

You visited 1 branch of the dungeon, and saw 5 of its levels.

You collected 220 gold pieces.

Inventory:

Hand weapons
 a - a +1 war axe (weapon)
Armour
 c - a +0 shield
 f - a +0 large shield (worn)
 n - a +0 chain mail (worn)
 o - a +0 cloak (worn)
Scrolls
 b - a scroll of fog
 p - 3 scrolls of teleportation
 r - a scroll of remove curse
Potions
 e - 2 potions of might
 h - a potion of invisibility
 m - a potion of restore abilities
Comestibles
 d - 6 bread rations
 j - 3 meat rations
 q - a royal jelly


   Skills:
 + Level 5.8 Fighting
 + Level 5.1 Axes
 + Level 6.0 Armour
 + Level 4.0 Dodging
 + Level 5.6 Shields


You had 6 spell levels left.
You didn't know any spells.

Dungeon Overview and Level Annotations

Branches:
Dungeon (5/15)
 Temple: D:4-7

Altars:
Makhleb

Annotations:
D:5 Prince Ribbit


Innate Abilities, Weirdness & Mutations

You reflexively headbutt those who attack you in melee.
You have a pair of horns on your head.


Message History

You completely miss Prince Ribbit.
Prince Ribbit is moderately wounded.
You block Prince Ribbit's attack.
You miss Prince Ribbit. Your headbutt misses Prince Ribbit.
Prince Ribbit is moderately wounded.
Prince Ribbit hits you.
Prince Ribbit croaks regally.
You block Prince Ribbit's attack.
You miss Prince Ribbit. Your headbutt misses Prince Ribbit.
Prince Ribbit is moderately wounded.
You block Prince Ribbit's attack. Prince Ribbit hits you!
* * * LOW HITPOINT WARNING * * *
Drink which item? (? for menu, Esc to quit)
You feel better.
Prince Ribbit blinks!
You closely miss Prince Ribbit.
Prince Ribbit is moderately wounded.
Prince Ribbit hits you!
* * * LOW HITPOINT WARNING * * *
Prince Ribbit hits you!
You die...

## #. ###########
###########. ..........#
#........... #########.#
#.########.. #.# ##.## #..
########.####...## ####..
..........).((...# #..>..
..######..###..(## #<##..
#..######..####.#####.##..
#........@F...............
#..######..######.#######.
#......# #.# #. #.####.#
#.# #. #.# #.# ## #.#
####.########
#.###.......รท)...
.........(#######
..###.##..# # <......#
#.###....


You could see Prince Ribbit.

Vanquished Creatures
  The ghost of luzzunton the Chucker, an average OgHu (D:4)
  A necrophage (D:5)
  An ogre (D:5)
  2 centaurs (D:5)
  3 orc wizards
  A giant frog skeleton (D:5)
  A hound (D:4)
  Robin (D:2)
  5 adders
  A giant mite (D:3)
  2 worms (D:2)
  An adder skeleton (D:5)
  5 giant geckos
  12 orcs
  11 bats
  5 giant cockroaches
  15 goblins
  13 hobgoblins
  A quokka (D:2)
  A ball python (D:4)
  3 giant newts
  10 jackals
  11 kobolds
  12 rats
119 creatures vanquished.

Notes
Turn   | Place    | Note
--------------------------------------------------------------
     0 | D:1      | TalculmPowers, the Minotaur Fighter, began the quest for the Orb.
     0 | D:1      | Reached XP level 1. HP: 19/19 MP: 1/1
    62 | D:1      | Reached XP level 2. HP: 8/27 MP: 1/1
    74 | D:1      | Reached skill level 1 in Dodging
   355 | D:1      | Reached skill level 4 in Armour
   571 | D:1      | Reached XP level 3. HP: 31/33 MP: 2/2
   886 | D:2      | Noticed Robin
   898 | D:2      | Killed Robin
  1113 | D:2      | Reached XP level 4. HP: 21/40 MP: 2/2
  1988 | D:2      | Reached XP level 5. HP: 16/47 MP: 2/2
  2159 | D:3      | Reached skill level 5 in Armour
  2517 | D:3      | Found a burning altar of Makhleb.
  2517 | D:3      | Noticed a green death
  2608 | D:4      | Noticed luzzunton's ghost (average OgHu)
  2619 | D:4      | Killed luzzunton's ghost
  2619 | D:4      | Reached skill level 5 in Fighting
  2619 | D:4      | Reached XP level 6. HP: 50/56 MP: 3/3
  3491 | D:5      | Entered Level 5 of the Dungeon
  3504 | D:5      | Reached skill level 5 in Shields
  3563 | D:5      | Noticed Prince Ribbit
  3572 | D:5      | Reached XP level 7. HP: 33/61 MP: 3/3
  3641 | D:5      | Reached skill level 5 in Axes
  3649 | D:5      | Reached skill level 6 in Armour
  3813 | D:5      | Slain by Prince Ribbit

Action                   |  1- 3 |  4- 6 |  7- 9 || total
-------------------------+-------+-------+-------++-------
Melee: War axe           |    95 |   161 |    53 ||   309
  Use: Scroll            |     6 |     8 |       ||    14
       Potion            |     1 |     1 |     3 ||     5
  Eat: Chunk             |     1 |     7 |     2 ||    10
